 Dungeon Crawl Stone Soup version 0.28.0-53-g5a82cb258f (webtiles) character file.

Game seed: 16108375439346004821

240 MisterFreud the Changer (level 5, -1/38 (40) HPs)
             Began as a Draconian Transmuter on June 21, 2022.
             Was a Believer of Okawaru.
             Slain by a wight
             ... wielding a +4 morningstar of freezing
              (9 damage)
             ... on level 4 of the Dungeon.
             The game lasted 00:03:04 (3133 turns).

MisterFreud the Changer (Draconian Transmuter)      Turns: 3133, Time: 00:03:04

HP:   -1/38 (40)    AC:  2    Str: 12    XL:     5   Next: 80%
MP:   5/8           EV: 19    Int: 16    God:    Okawaru [**....]
Gold: 296           SH:  0    Dex: 16    Spells: 2/8 levels left

rFire   . . .      SeeInvis .     - Unarmed
rCold   . . .      Faith    .   (shield currently unavailable)
rNeg    . . .      Spirit   .   (armour unavailable)
rPois   x          Reflect  .   (helmet currently unavailable)
rElec   .          Harm     .   (cloak currently unavailable)
rCorr   .          Rampage  .   (gloves currently unavailable)
Will    .....                   (boots currently unavailable)
Stlth   +.........              (no amulet)
HPRegen 0.12/turn               (no ring)
MPRegen 0.11/turn               (no ring)

@: spider-form, drained
A: venomous fangs, AC +5, tiny, unfitting armour, (cold-blooded)
a: End Transformation, Renounce Religion, Heroism


You were on level 4 of the Dungeon.
You worshipped Okawaru.
Okawaru was pleased with you.
You were a venomous arachnid creature.
You visited 1 branch of the dungeon, and saw 4 of its levels.

You collected 296 gold pieces.

Inventory:

Missiles
 s - 14 poisoned darts
Armour
 b - a +1 hat (melded)
 k - a +2 buckler (melded)
 r - a +0 cloak (melded)
Jewellery
 h - an amulet of guardian spirit
 t - a ring of wizardry
Wands
 m - a wand of digging (7)
Scrolls
 c - a scroll of blinking {unknown}
 d - a scroll of torment {unknown}
 e - 6 scrolls of identify {unknown}
 g - 3 scrolls of teleportation {unknown}
 i - a scroll of fog {unknown}
 l - a scroll of enchant armour {unknown}
 q - a scroll of enchant weapon {unknown}
Potions
 a - 2 potions of heal wounds
 f - 2 potions of mutation {unknown}
 j - 4 potions of curing {unknown}
 n - a potion of invisibility {unknown}
 o - a potion of flight {unknown}
 p - 2 potions of might {unknown}


   Skills:
 + Level 1.1 Fighting
 - Level 1.7 Dodging
 * Level 2.6 Shields
 + Level 3.0 Unarmed Combat
 - Level 2.0 Spellcasting
 - Level 5.0 Transmutations
 - Level 2.0 Invocations


You had 2 spell levels left.
You knew the following spells:

 Your Spells              Type           Power      Damage    Failure   Level
a - Beastly Appendage     Tmut           34%        N/A       10%         1
b - Wereblood             Tmut           17%        N/A       13%         2
c - Spider Form           Tmut/Pois      9%         N/A       43%         3

Your spell library contained the following spells:

 Spells                   Type           Power      Damage    Failure   Level
 Ice Form                 Ice/Tmut       9%         N/A       78%         4


Dungeon Overview and Level Annotations

Branches:
Dungeon (4/15)
 Temple: D:4-7

Altars:
Okawaru


Innate Abilities, Weirdness & Mutations

You are a venomous arachnid creature.
You have poisonous fangs.
You are tiny and dextrous.
Your spellcasting is less reliable in this form.
Your armour is entirely melded.
You are incapable of wielding weapons or throwing items.
((Your plain brown scales are hard. (AC +5)))
You cannot fit into any form of body armour.
((You are cold-blooded and may be slowed by cold attacks.))


Message History

A quokka is nearby!
You closely miss the quokka. Your kick misses the quokka.
You tail-slap the quokka.
You kill the quokka!
Okawaru accepts your kill.
You now have 296 gold pieces (gained 11).
Your transformation is almost over.
Found a stone staircase leading up.
No target in view!
Your horns disappear.
Your talons disappear.
Your +1 hat unmelds from your body. 3 wights come into view.
A wight is wielding a +4 morningstar of freezing.
The wight closely misses you.
The wight moves out of view.
You hit the wight but do no damage.
Your tail-slap misses the wight.
The wight hits you with a +4 scimitar!
There are monsters nearby!
There are monsters nearby!
Casting: Beastly Appendage (safe; 3% risk of failure)
Confirm with . or Enter, or press ? or * to list all spells.
The spell is quite dangerous to miscast (28% risk of failure)!
Continue anyway?
You turn into a venomous arachnid creature.
Your +0 cloak melds into your body.
Your +1 hat melds into your body.
Your +2 buckler melds into your body.
The wight completely misses you.
You hit the wight but do no damage. The wight misses you.
You barely miss the wight. The wight completely misses you.
You hit the wight.
The wight is moderately damaged.
The wight hits you with a +4 scimitar.
You barely miss the wight.
The wight is moderately damaged.
The wight hits you with a +4 scimitar!
* * * LOW HITPOINT WARNING * * *
You feel drained.
* * * LOW HITPOINT WARNING * * *
You hit the wight.
The wight is heavily damaged.
The wight closely misses you.
The wight hits you with a +4 morningstar of freezing!
You die...

## #..........# .#
######.....# .#
#.###.# .######
#..#..# .##...#
#..#.## .##...#
#..#)## .##...#
##..#..## ###..†#
##..#.#..##
#...######..##s##..#
###..........##z#z##.#
....#.######(##..###.#
###.#.# #..##. #..#
.<#.#.# #.##.# ##.#
.##.#.# #.##. ##.#
....#.######..## #.(#
#####......[.## ##.#
......#####..## ##.#


You could see 2 wights.

Vanquished Creatures
  A scorpion (D:4)
  A wight (D:4)
  A hound (D:4)
  Jessica (D:2)
  2 adders
  A gnoll (D:1)
  A worm (D:2)
  A dart slug (D:2)
  An orc (D:3)
  4 ball pythons
  3 endoplasms
  2 giant cockroaches (D:2)
  6 goblins
  5 hobgoblins
  8 kobolds
  7 quokkas
  3 bats
  5 rats
53 creatures vanquished.

Notes
Turn   | Place    | Note
-------+----------+-------------------------------------------
     0 | D:1      | MisterFreud the Draconian Transmuter began the quest for
                  | the Orb.
     0 | D:1      | Reached XP level 1. HP: 16/16 MP: 3/3
     2 | D:1      | Noticed a gargoyle
     2 | D:1      | Noticed a vampire
     4 | D:1      | Noticed a ghoul
     4 | D:1      | Noticed a demonspawn
     6 | D:1      | Noticed a naga
     8 | D:1      | Noticed a dwarf
     8 | D:1      | Noticed a merfolk
    10 | D:1      | Noticed an elf
    12 | D:1      | Noticed a tengu
    12 | D:1      | Noticed an ogre
    14 | D:1      | Noticed a formicid
    16 | D:1      | Noticed a spriggan
    16 | D:1      | Noticed a troll
    18 | D:1      | Noticed a felid
    18 | D:1      | Noticed an octopode
    20 | D:1      | Noticed a human
    22 | D:1      | Noticed a vine stalker
    24 | D:1      | Noticed a draconian
    24 | D:1      | Noticed a minotaur
    26 | D:1      | Noticed a demigod
    41 | D:1      | Reached XP level 2. HP: 14/23 MP: 3/5
   103 | D:1      | Reached skill level 3 in Transmutations
   583 | D:1      | Found a faded altar of an unknown god.
   588 | D:1      | Prayed at the altar of an unknown god.
   588 | D:1      | Became a worshipper of Warmaster Okawaru
   588 | D:1      | Reached * piety under Okawaru
   602 | D:1      | Reached XP level 3. HP: 28/28 MP: 4/6
  1036 | D:2      | Reached skill level 4 in Transmutations
  1639 | D:2      | Noticed Jessica
  1651 | D:2      | Killed Jessica
  1652 | D:2      | Reached skill level 1 in Invocations
  1652 | D:2      | Reached XP level 4. HP: 33/35 MP: 5/7
  1655 | D:2      | Learned a level 2 spell: Wereblood
  1659 | D:2      | Learned a level 3 spell: Spider Form
  2502 | D:4      | Reached skill level 1 in Shields
  2598 | D:4      | Noticed a scorpion
  2605 | D:4      | Killed a scorpion
  2605 | D:4      | Reached ** piety under Okawaru
  2606 | D:4      | Reached XP level 5. HP: 40/40 MP: 1/8
  2608 | D:4      | Reached skill level 5 in Transmutations
  3133 | D:4      | Slain by a wight

Illustrated notes

Levels and vault maps discovered:
D:1:      kb_arrival_jail, layout_basic, hellmonk_ecumenical_altar_leap_of_faith
D:2:      layout_loops_ring, corexii_hall_statues_i, uniq_jessica
D:3:      layout_loops_cross
D:4:      layout_basic, minmay_manual_macuahuitl

Skill      XL: |  1  2  3  4  5 |
---------------+----------------+-----
Transmutations | 3 4 5 |  5.0
Invocations    | 1 2 |  2.0
Shields        | 1 2 |  2.6
Fighting       | |  1.1
Dodging        | |  1.7
Unarmed Combat | |  3.0
Spellcasting   | |  2.0

Action                   |  1- 3 |  4- 6 || total
-------------------------+-------+-------++-------
Melee: Unarmed           |   103 |    51 ||   154
       Kick              |    19 |     7 ||    26
       Headbutt          |    11 |     1 ||    12
       Tailslap          |     9 |     1 ||    10
       Punch             |     1 |       ||     1
 Cast: Beastly Appendage |    24 |    11 ||    35
       Spider Form       |       |     4 ||     4
 Stab: Sleeping          |     1 |       ||     1
Armor: Skin              |    29 |     4 ||    33
Dodge: Dodged            |    53 |    30 ||    83
Block: Buckler           |       |     9 ||     9
